 Dungeon Crawl Stone Soup version 0.24.0-3-g28a8eb0610 (webtiles) character file.

Game seed: 2040329559873644963, levelgen mode: deterministic

273 Mrkan the Shield-Bearer (level 6, -1/49 HPs)
             Began as a Formicid Fighter on Nov 1, 2019.
             Was an Initiate of Okawaru.
             Succumbed to a worker ant's poison
             ... on level 5 of the Dungeon.
             The game lasted 00:04:57 (3756 turns).

Mrkan the Shield-Bearer (Formicid Fighter)          Turns: 3756, Time: 00:04:57

Health: -1/49      AC: 12    Str: 25    XL:     6   Next: 48%
Magic:  6/6        EV:  5    Int:  8    God:    Okawaru [......]
Gold:   150        SH: 10    Dex: 12    Spells: 5/5 levels left

rFire    . . .     SeeInvis +   a - +0 flail
rCold    . . .     Gourm    .   c - +0 shield
rNeg     . . .     Faith    .   u - +0 plate armour
rPois    .         Spirit   .   (helmet unavailable)
rElec    .         Reflect  .   (no cloak)
rCorr    .         Harm     .   (no gloves)
MR       .....                  (no boots)
Stlth    ..........             (no amulet)
HPRegen  0.16/turn              (no ring)
MPRegen  0.10/turn              (no ring)

@: mighty, lethally poisoned (-1 -> -14)
A: permanent stasis, dig shafts and tunnels, four strong arms, antennae 3
a: Dig, Shaft Self, Renounce Religion


You were on level 5 of the Dungeon.
You worshipped Okawaru.
Okawaru was noncommittal.
You were not hungry.

You visited 1 branch of the dungeon, and saw 5 of its levels.

You collected 150 gold pieces.

Inventory:

Hand Weapons
 a - a +0 flail (weapon)
Armour
 c - a +0 shield (worn)
 u - a +0 plate armour (worn)
Jewellery
 e - a cursed ring of teleportation {unknown}
 g - a +4 ring of slaying {unknown}
 o - an uncursed ring of poison resistance {unknown}
 v - an uncursed ring of stealth {unknown}
 x - an uncursed ring of protection from cold {unknown}
 A - an uncursed ring of protection from fire {unknown}
Scrolls
 h - 2 scrolls of amnesia {unknown}
 l - a scroll of magic mapping {unknown}
 m - 2 scrolls of identify {unknown}
 n - a scroll of random uselessness {unknown}
 q - a scroll of blinking {unknown}
 r - 2 scrolls of remove curse {unknown}
 s - a scroll of fog {unknown}
 t - a scroll of immolation {unknown}
 y - a scroll of teleportation {unknown}
 B - a scroll of enchant weapon {unknown}
Potions
 b - a potion of degeneration {unknown}
 i - 2 potions of agility {unknown}
 j - a potion of curing {unknown}
 k - 3 potions of flight {unknown}
 p - a potion of mutation {unknown}
 w - a potion of ambrosia {unknown}
 C - a potion of lignification {unknown}
Comestibles
 f - 8 rations


   Skills:
 + Level 4.4 Fighting
 * Level 4.2 Maces & Flails
 + Level 4.4 Armour
 + Level 4.8 Shields


You had 5 spell levels left.
You didn't know any spells.
Your spell library was empty.

Dungeon Overview and Level Annotations

Branches:
Dungeon (5/15)
 Temple: D:4-7

Altars:
Elyvilon
Hepliaklqana
Okawaru
Trog
Zin
The Shining One

Annotations:
D:4 Menkaure


Innate Abilities, Weirdness & Mutations

You cannot be hasted, slowed, berserked, paralysed or teleported.
You can dig through walls and to a lower floor.
Your four strong arms can wield two-handed weapons with a shield.
You have a pair of large antennae on your head. (SInv)


Message History

You block the worker ant's attack.
You feel very mighty all of a sudden.
* * * LOW HITPOINT WARNING * * *
You feel sick.
The worker ant zombie bites you but does no damage.
The worker ant completely misses you.
You bludgeon the worker ant!!
You kill the worker ant!
Okawaru accepts your kill.
* * * LOW HITPOINT WARNING * * *
You feel sick.
The worker ant zombie bites you but does no damage.
* * * LOW HITPOINT WARNING * * *
You feel sick.
You see here a worker ant corpse.
* * * LOW HITPOINT WARNING * * *
You feel sick.
You sock the worker ant zombie!
The worker ant zombie is moderately damaged.
You die...

...##..... ....)....
. ....... ...
..##..... #...
........# ..#
........# ###..#
#... #.# ##....#
.#....#Z###....##
.......@........####
##..........<.......
#.##................
#.................
...................
##...........##.....
#.###..#...#........
.. #..#..##... ....
.. ... #..# ....


You could see a worker ant zombie.

Vanquished Creatures
  A scorpion (D:4)
  Jessica (D:2)
  Natasha (D:2)
  A worker ant (D:5)
  2 hound skeletons
  3 adders
  2 oozes
  4 worms
  3 leopard geckos
  5 giant cockroaches
  11 goblins
  14 hobgoblins
  3 jackals
  7 kobolds
  A quokka (D:4)
  8 bats
  3 frilled lizards
  7 rats
77 creatures vanquished.

Notes
Turn   | Place    | Note
-------+----------+-------------------------------------------
     0 | D:1      | Mrkan the Formicid Fighter began the quest for the Orb.
     0 | D:1      | Reached XP level 1. HP: 18/18 MP: 1/1
   116 | D:1      | Reached XP level 2. HP: 22/24 MP: 2/2
   652 | D:1      | Reached XP level 3. HP: 28/29 MP: 3/3
  1482 | D:2      | Noticed Jessica
  1507 | D:2      | Killed Jessica
  1507 | D:2      | Reached XP level 4. HP: 34/37 MP: 4/4
  1571 | D:2      | Found an iron altar of Okawaru.
  1622 | D:2      | Became a worshipper of Warmaster Okawaru
  1789 | D:2      | Noticed Natasha
  1800 | D:2      | Killed Natasha
  1800 | D:2      | Reached XP level 5. HP: 36/42 MP: 5/5
  2275 | D:2      | Found a faded altar of an unknown god.
  2275 | D:2      | Found a glowing golden altar of the Shining One.
  2285 | D:2      | Found a glowing silver altar of Zin.
  2287 | D:2      | Found a white marble altar of Elyvilon.
  2288 | D:2      | Found a hazy altar of Hepliaklqana.
  3176 | D:3      | Found a bloodstained altar of Trog.
  3564 | D:4      | Reached XP level 6. HP: 48/48 MP: 6/6
  3618 | D:4      | Noticed Menkaure
  3632 | D:5      | Entered Level 5 of the Dungeon
  3754 | D:5      | HP: 2/49 [poisoned by a worker ant]
  3756 | D:5      | Succumbed to a worker ant's poison

Levels and vault maps discovered:
D:1:      dpeg_arrival_simpleton_c, layout_basic, hangedman_decor_opposing,
          palyth_stone_intersect, minmay_close_crescents
D:2:      layout_loops_ring, lemuel_crystal_altar,
          chequers_temple_overflow_minitemple, first_ration,
          minmay_misc_feat_encased, minmay_ruptured, uniq_jessica, uniq_natasha
D:3:      layout_basic, nicolae_overflow_crystal_walls
D:4:      layout_basic, overflow_temple_1_default, uniq_menkaure
D:5:      layout_cave_pools, lemuel_coloured_pillars_altar, temple_fountains

Skill      XL: |  1  2  3  4  5  6 |
---------------+-------------------+-----
Shields        | 4 |  4.8
Maces & Flails | 3 4 |  4.2
Armour         | 4 |  4.4
Fighting       | 4 |  4.4

Action                   |  1- 3 |  4- 6 || total
-------------------------+-------+-------++-------
Melee: Flail             |   137 |   237 ||   374
  Use: Potion            |       |     1 ||     1
  Eat: Chunk             |     1 |     9 ||    10
Armor: Scale mail        |    82 |    17 ||    99
       Plate armour      |       |    90 ||    90
Dodge: Dodged            |    69 |    47 ||   116
Block: Shield            |    91 |   125 ||   216
